[ AOE2 MATCH · #475217556 ]
UnrankedBurgundians vs Celts
[ REPLAY ANALYSIS · EXTRACTED FROM THE RECORDED GAME ]
Feudal
12:03
Castle
22:35
Imperial
34:32
| APM avg | 17.4 |
| APM peak | 86 |
| eAPM avg | 14.5 |
| Villagers / military | 105 / 278 |
Focus
⚔️ 54.4% · 🌾 45.6%
Scout Cavalry ×110 · Hand Cannoneer ×72 · Flemish Militia ×65 · Coustillier ×22 · Trade Cart ×8 · Bombard Cannon ×8
Feudal
11:20
Castle
18:24
Imperial
30:07
| APM avg | 29.4 |
| APM peak | 77 |
| eAPM avg | 19.0 |
| Villagers / military | 106 / 191 |
Focus
⚔️ 46.0% · 🌾 54.0%
War Elephant ×93 · Archer ×85 · Trade Cart ×9 · Bombard Cannon ×7 · Monk ×6
Feudal
14:09
Castle
19:13
Imperial
37:35
| APM avg | 28.0 |
| APM peak | 96 |
| eAPM avg | 19.8 |
| Villagers / military | 117 / 218 |
Focus
⚔️ 28.3% · 🌾 71.7%
Scout Cavalry ×111 · Spearman ×54 · Scorpion ×35 · Trade Cart ×18 · Mangonel ×17 · Monk ×1
Feudal
15:39
Castle
19:53
Imperial
34:35
| APM avg | 34.1 |
| APM peak | 90 |
| eAPM avg | 22.5 |
| Villagers / military | 150 / 208 |
Focus
⚔️ 34.5% · 🌾 65.5%
Scout Cavalry ×100 · Monaspa ×78 · Mangonel ×15 · Trebuchet (Packed) ×7 · Monk ×6 · Trade Cart ×5
Feudal
12:10
Castle
22:10
Imperial
32:02
| APM avg | 22.8 |
| APM peak | 67 |
| eAPM avg | 14.6 |
| Villagers / military | 102 / 464 |
Focus
⚔️ 31.2% · 🌾 68.8%
Spearman ×229 · Skirmisher ×104 · Knight ×101 · Monk ×11 · Militia ×10 · Scout Cavalry ×6
Feudal
9:59
Castle
17:27
Imperial
34:26
| APM avg | 16.0 |
| APM peak | 54 |
| eAPM avg | 10.7 |
| Villagers / military | 128 / 240 |
Focus
⚔️ 30.8% · 🌾 69.2%
Spearman ×193 · Hussite Wagon ×30 · Bombard Cannon ×15 · Trade Cart ×10 · Monk ×2
Feudal
12:05
Castle
22:40
Imperial
33:56
| APM avg | 35.2 |
| APM peak | 86 |
| eAPM avg | 21.4 |
| Villagers / military | 91 / 177 |
Focus
⚔️ 42.9% · 🌾 57.1%
Spearman ×134 · Teutonic Knight ×17 · Mangonel ×12 · Bombard Cannon ×6 · Monk ×4 · Petard ×4
Feudal
13:57
Castle
19:59
Imperial
32:06
| APM avg | 20.7 |
| APM peak | 57 |
| eAPM avg | 15.0 |
| Villagers / military | 110 / 203 |
Focus
⚔️ 32.6% · 🌾 67.4%
Spearman ×105 · Militia ×38 · Trade Cart ×31 · Hussite Wagon ×29 · Bombard Cannon ×13 · Monk ×10
Match map
Initial resources + every placement click. Lines = walls · curves = elevation contours. ◆ gold · ⬟ stone · ● berries · ✦ relic · ◌ wall gap
Your base· ✓ Closed at 22:35 · 0t walls · no gate
Sakuneti Le-Preckson's base· ✓ Closed at 18:24 · 51t walls · 1 gate(s)
nord 00's base· ✓ Closed at 19:13 · 41t walls · 1 gate(s)
ryan's base· ✓ Closed at 19:53 · 8t walls · 3 gate(s)
OGnova's base· ✓ Closed at 22:10 · 0t walls · no gate
VictorWatch's base· ✓ Closed at 17:27 · 3t walls · 4 gate(s)
Shals's base· ✓ Closed at 22:40 · 22t walls · 2 gate(s)
Wolven's base· ✓ Closed at 19:59 · 22t walls · 1 gate(s)
Smoothed initial terrain · ◌ = detected wall gap · hover for details
Inputs per minute
— Darth_Doge03 - - Sakuneti Le-Preckson
Build order — Darth_Doge03
First 150 of 584 actions detected
| 0:05 | Create | Villager (Male) |
| 0:17 | Build | House |
| 0:27 | Create | Villager (Male) |
| 1:01 | Create | Villager (Male) |
| 1:14 | Build | Lumber Camp |
| 1:22 | Build | House |
| 1:48 | Create | Villager (Male) |
| 1:53 | Research | Loom |
| 2:43 | Create | Villager (Male) |
| 3:14 | Create | Villager (Male) |
| 3:22 | Create | Villager (Male) |
| 3:48 | Create | Villager (Male) |
| 4:17 | Create | Villager (Male) |
| 4:44 | Create | Villager (Male) |
| 5:03 | Create | Villager (Male) |
| 5:34 | Build | House |
| 5:51 | Research | Wheelbarrow |
| 5:52 | Create | Villager (Male) |
| 6:13 | Build | Mill |
| 6:39 | Create | Villager (Male) |
| 7:20 | Create | Villager (Male) |
| 8:26 | Create | Villager (Male) |
| 8:27 | Create | Villager (Male) |
| 8:34 | Build | Mill |
| 9:53 | Research | Feudal Age |
| 10:37 | Research | Double-Bit Axe |
| 11:26 | Create | Villager (Male) |
| 11:36 | Build | Mining Camp |
| 12:03 | Age | Feudal Age |
| 12:27 | Create | Villager (Male) |
| 12:37 | Build | House |
| 12:48 | Research | Hand Cart |
| 12:51 | Create | Villager (Male) |
| 13:40 | Research | Horse Collar |
| 13:53 | Create | Villager (Male) |
| 14:50 | Research | Gold Mining |
| 14:53 | Create | Villager (Male) |
| 15:18 | Create | Villager (Male) |
| 15:50 | Create | Villager (Male) |
| 16:12 | Build | Blacksmith |
| 16:42 | Create | Villager (Male) |
| 16:51 | Build | House |
| 17:20 | Build | House |
| 17:36 | Build | Mining Camp |
| 18:06 | Build | House |
| 18:07 | Build | House |
| 18:10 | Create | Villager (Male) |
| 18:53 | Build | Market |
| 18:59 | Create | Villager (Male) |
| 19:05 | Research | Bow Saw |
| 19:13 | Research | Stone Mining |
| 19:26 | Create | Villager (Male) |
| 19:55 | Research | Castle Age |
| 20:55 | Build | Farm |
| 20:56 | Build | Farm |
| 20:59 | Build | Farm |
| 21:00 | Build | Farm |
| 21:02 | Build | Farm |
| 21:03 | Build | Farm |
| 21:16 | Build | Farm |
| 21:44 | Build | Lumber Camp |
| 22:17 | Research | Heavy Plow |
| 22:32 | Create | Villager (Male) |
| 22:35 | Age | Castle Age |
| 22:47 | Build | Town Center |
| 22:52 | Create | Villager (Male) |
| 23:05 | Build | Town Center |
| 23:13 | Build | Monastery |
| 23:37 | Create | Villager (Male) |
| 23:37 | Create | Villager (Male) |
| 23:57 | Create | Monk |
| 24:15 | Build | Farm |
| 24:33 | Build | Farm |
| 24:34 | Create | Villager (Male) |
| 24:35 | Create | Villager (Male) |
| 24:50 | Create | Villager (Male) |
| 24:50 | Create | Villager (Male) |
| 24:51 | Create | Villager (Male) |
| 24:59 | Build | Farm |
| 25:05 | Build | Farm |
| 25:38 | Build | Farm |
| 25:39 | Build | Farm |
| 25:55 | Research | Two-Man Saw |
| 25:58 | Create | Villager (Male) |
| 25:59 | Create | Villager (Male) |
| 26:00 | Create | Villager (Male) |
| 26:01 | Create | Villager (Male) |
| 26:05 | Create | Villager (Male) |
| 26:05 | Create | Villager (Male) |
| 26:06 | Create | Villager (Male) |
| 26:21 | Build | Farm |
| 26:24 | Build | Farm |
| 26:26 | Build | Farm |
| 26:37 | Build | Farm |
| 26:56 | Build | Castle |
| 27:09 | Build | Barracks |
| 27:56 | Build | Farm |
| 27:58 | Create | Villager (Male) |
| 27:58 | Create | Villager (Male) |
| 28:08 | Build | Farm |
| 28:17 | Build | Farm |
| 28:18 | Build | Farm |
| 29:30 | Research | Stone Shaft Mining |
| 29:44 | Create | Villager (Male) |
| 29:44 | Create | Villager (Male) |
| 29:45 | Create | Villager (Male) |
| 29:58 | Build | University |
| 30:07 | Create | Villager (Male) |
| 30:07 | Create | Villager (Male) |
| 30:08 | Create | Villager (Male) |
| 30:08 | Create | Villager (Male) |
| 30:22 | Build | Stable |
| 30:23 | Build | Stable |
| 30:25 | Build | Stable |
| 30:58 | Build | Farm |
| 31:22 | Research | Imperial Age |
| 31:28 | Research | Gold Shaft Mining |
| 31:33 | Create | Villager (Male) |
| 31:33 | Create | Villager (Male) |
| 31:34 | Create | Villager (Male) |
| 31:34 | Create | Villager (Male) |
| 31:34 | Create | Villager (Male) |
| 31:38 | Create | Villager (Male) |
| 31:38 | Create | Villager (Male) |
| 31:39 | Create | Villager (Male) |
| 31:39 | Create | Villager (Male) |
| 31:39 | Create | Villager (Male) |
| 32:01 | Research | Masonry |
| 32:03 | Research | Ballistics |
| 32:17 | Build | Mining Camp |
| 32:52 | Build | Castle |
| 33:23 | Build | House |
| 33:24 | Build | House |
| 33:24 | Build | House |
| 33:26 | Build | House |
| 33:27 | Build | House |
| 33:28 | Build | House |
| 33:29 | Build | House |
| 33:32 | Build | House |
| 33:34 | Build | House |
| 33:35 | Build | House |
| 33:36 | Build | House |
| 33:44 | Research | Light Cavalry (upgrade) |
| 33:45 | Research | Husbandry |
| 33:51 | Build | Archery Range |
| 33:52 | Build | Archery Range |
| 33:52 | Build | Archery Range |
| 34:01 | Create | Scout Cavalry |
| 34:01 | Create | Scout Cavalry |
| 34:01 | Create | Scout Cavalry |
Build order — Sakuneti Le-Preckson
First 150 of 387 actions detected
| 0:02 | Create | Villager (Male) |
| 0:03 | Create | Villager (Male) |
| 0:03 | Create | Villager (Male) |
| 0:05 | Build | House |
| 0:07 | Build | House |
| 0:27 | Create | Villager (Male) |
| 0:44 | Build | Palisade Wall |
| 0:49 | Research | Loom |
| 0:51 | Create | Villager (Male) |
| 1:08 | Build | Palisade Wall |
| 1:33 | Build | Palisade Wall |
| 1:35 | Create | Villager (Male) |
| 2:05 | Create | Villager (Male) |
| 2:33 | Build | Palisade Wall |
| 2:34 | Build | Palisade Wall |
| 2:35 | Build | Palisade Wall |
| 2:36 | Build | Palisade Wall |
| 2:40 | Create | Villager (Male) |
| 2:57 | Build | Lumber Camp |
| 3:10 | Create | Villager (Male) |
| 3:33 | Build | House |
| 3:44 | Create | Villager (Male) |
| 4:11 | Create | Villager (Male) |
| 4:32 | Create | Villager (Male) |
| 5:03 | Create | Villager (Male) |
| 5:28 | Create | Villager (Male) |
| 5:44 | Create | Villager (Male) |
| 6:02 | Create | Villager (Male) |
| 6:05 | Build | Mill |
| 6:18 | Build | House |
| 6:26 | Create | Villager (Male) |
| 6:53 | Build | Mill |
| 6:58 | Create | Villager (Male) |
| 7:02 | Build | House |
| 7:27 | Create | Villager (Male) |
| 8:04 | Create | Villager (Male) |
| 8:22 | Create | Villager (Male) |
| 8:50 | Create | Villager (Male) |
| 8:52 | Research | Feudal Age |
| 8:57 | Build | House |
| 9:39 | Build | Mill |
| 10:17 | Create | Villager (Male) |
| 11:17 | Build | Mining Camp |
| 11:20 | Age | Feudal Age |
| 11:23 | Research | Double-Bit Axe |
| 11:25 | Research | Horse Collar |
| 11:37 | Create | Villager (Male) |
| 11:40 | Build | Farm |
| 11:46 | Build | Farm |
| 12:03 | Create | Villager (Male) |
| 12:19 | Build | Farm |
| 12:26 | Create | Villager (Male) |
| 12:49 | Build | Lumber Camp |
| 12:52 | Create | Villager (Male) |
| 13:22 | Create | Villager (Male) |
| 13:41 | Create | Villager (Male) |
| 14:11 | Create | Villager (Male) |
| 14:22 | Build | Barracks |
| 14:30 | Build | Market |
| 14:34 | Create | Villager (Male) |
| 14:51 | Build | Farm |
| 14:54 | Build | Farm |
| 14:54 | Create | Villager (Male) |
| 15:00 | Build | Farm |
| 15:01 | Build | Farm |
| 15:24 | Build | Archery Range |
| 15:31 | Create | Villager (Male) |
| 15:36 | Research | Town Watch |
| 15:39 | Build | House |
| 15:40 | Build | House |
| 15:57 | Research | Castle Age |
| 16:15 | Build | Stone Wall |
| 16:18 | Build | Gate |
| 16:35 | Create | Trade Cart |
| 17:07 | Build | Farm |
| 17:10 | Create | Trade Cart |
| 17:34 | Research | Gold Mining |
| 17:38 | Create | Trade Cart |
| 17:42 | Create | Villager (Male) |
| 17:52 | Build | Farm |
| 17:58 | Build | Farm |
| 18:04 | Build | Farm |
| 18:11 | Create | Trade Cart |
| 18:18 | Build | Outpost |
| 18:24 | Age | Castle Age |
| 18:28 | Research | Bow Saw |
| 18:30 | Research | Heavy Plow |
| 18:39 | Create | Villager (Male) |
| 18:56 | Research | Wheelbarrow |
| 19:00 | Build | House |
| 19:01 | Build | House |
| 19:03 | Build | House |
| 19:04 | Build | House |
| 19:06 | Create | Trade Cart |
| 19:10 | Build | House |
| 19:14 | Build | House |
| 19:15 | Build | House |
| 19:21 | Create | Villager (Male) |
| 19:27 | Build | Monastery |
| 19:33 | Create | Villager (Male) |
| 20:03 | Build | Town Center |
| 20:14 | Create | Monk |
| 20:17 | Create | Trade Cart |
| 20:22 | Build | House |
| 20:22 | Build | House |
| 20:25 | Build | House |
| 20:26 | Build | House |
| 20:34 | Create | Villager (Male) |
| 20:44 | Create | Trade Cart |
| 21:25 | Build | Mining Camp |
| 21:41 | Create | Villager (Male) |
| 21:50 | Create | Villager (Male) |
| 21:50 | Create | Villager (Male) |
| 21:57 | Create | Villager (Male) |
| 21:58 | Create | Villager (Male) |
| 22:19 | Build | Lumber Camp |
| 22:24 | Create | Villager (Male) |
| 22:25 | Create | Villager (Male) |
| 22:25 | Create | Villager (Male) |
| 22:32 | Build | House |
| 22:33 | Build | House |
| 22:34 | Build | House |
| 22:35 | Build | House |
| 22:40 | Create | Villager (Male) |
| 22:40 | Create | Villager (Male) |
| 22:47 | Create | Trade Cart |
| 22:49 | Create | Trade Cart |
| 22:51 | Create | Villager (Male) |
| 23:14 | Create | Villager (Male) |
| 23:22 | Build | Mining Camp |
| 23:39 | Create | Villager (Male) |
| 23:49 | Build | Lumber Camp |
| 23:59 | Research | Hand Cart |
| 24:01 | Create | Villager (Male) |
| 24:23 | Build | Stone Wall |
| 24:28 | Build | Stone Wall |
| 24:30 | Build | Gate |
| 24:37 | Create | Villager (Male) |
| 24:38 | Create | Villager (Male) |
| 24:48 | Build | Farm |
| 24:52 | Build | Farm |
| 24:55 | Create | Villager (Male) |
| 24:56 | Create | Villager (Male) |
| 24:59 | Build | Farm |
| 25:02 | Build | Farm |
| 25:07 | Create | Villager (Male) |
| 25:07 | Create | Villager (Male) |
| 25:17 | Build | University |
| 25:22 | Research | Stone Mining |
| 25:42 | Create | Villager (Male) |
Build order — nord 00
First 150 of 448 actions detected
| 0:02 | Create | Villager (Male) |
| 0:02 | Create | Villager (Male) |
| 0:03 | Create | Villager (Male) |
| 0:03 | Create | Villager (Male) |
| 0:07 | Build | House |
| 0:08 | Build | House |
| 1:05 | Research | Loom |
| 1:30 | Create | Villager (Male) |
| 1:43 | Build | Palisade Gate |
| 1:49 | Build | Palisade Wall |
| 1:56 | Build | House |
| 2:09 | Build | Palisade Wall |
| 2:12 | Build | Palisade Wall |
| 2:13 | Build | Palisade Wall |
| 2:21 | Build | Palisade Wall |
| 2:39 | Create | Villager (Male) |
| 2:39 | Create | Villager (Male) |
| 3:17 | Create | Villager (Male) |
| 3:17 | Create | Villager (Male) |
| 3:32 | Create | Villager (Male) |
| 3:32 | Create | Villager (Male) |
| 3:49 | Create | Villager (Male) |
| 4:49 | Build | House |
| 4:57 | Create | Villager (Male) |
| 5:37 | Build | Palisade Gate |
| 5:57 | Create | Villager (Male) |
| 5:58 | Create | Villager (Male) |
| 6:26 | Build | Palisade Wall |
| 6:58 | Create | Villager (Male) |
| 7:48 | Create | Villager (Male) |
| 7:54 | Create | Villager (Male) |
| 8:54 | Build | Palisade Wall |
| 9:00 | Create | Villager (Male) |
| 9:03 | Build | Mill |
| 9:15 | Build | House |
| 9:21 | Build | Lumber Camp |
| 9:30 | Create | Villager (Male) |
| 9:58 | Build | Palisade Wall |
| 10:03 | Create | Villager (Male) |
| 10:18 | Create | Villager (Male) |
| 10:44 | Build | Outpost |
| 10:56 | Create | Villager (Male) |
| 11:27 | Build | House |
| 11:30 | Build | House |
| 11:34 | Create | Villager (Male) |
| 11:57 | Research | Feudal Age |
| 12:18 | Build | Mill |
| 12:36 | Build | Palisade Wall |
| 12:53 | Build | Farm |
| 12:53 | Build | Farm |
| 12:53 | Build | Farm |
| 12:54 | Build | Farm |
| 12:54 | Build | Farm |
| 13:18 | Build | Mining Camp |
| 13:28 | Build | Palisade Wall |
| 14:09 | Age | Feudal Age |
| 14:11 | Create | Villager (Male) |
| 14:11 | Create | Villager (Male) |
| 14:34 | Build | Stone Wall |
| 14:44 | Build | Blacksmith |
| 14:58 | Create | Villager (Male) |
| 15:07 | Build | Market |
| 15:13 | Create | Villager (Male) |
| 15:35 | Build | Farm |
| 16:00 | Build | Barracks |
| 16:02 | Create | Villager (Male) |
| 16:14 | Build | Stone Wall |
| 16:29 | Build | Mining Camp |
| 16:33 | Research | Castle Age |
| 17:03 | Build | Watch Tower |
| 17:48 | Build | Mining Camp |
| 17:52 | Create | Villager (Male) |
| 18:11 | Research | Horse Collar |
| 18:11 | Research | Horse Collar |
| 18:12 | Research | Double-Bit Axe |
| 18:15 | Research | Stone Mining |
| 19:13 | Age | Castle Age |
| 19:19 | Create | Villager (Male) |
| 19:29 | Build | Town Center |
| 19:43 | Research | Stone Shaft Mining |
| 20:10 | Create | Villager (Male) |
| 20:17 | Build | Farm |
| 20:20 | Build | Farm |
| 20:33 | Research | Bow Saw |
| 20:43 | Build | House |
| 20:45 | Build | House |
| 20:47 | Build | House |
| 20:54 | Create | Villager (Male) |
| 21:11 | Create | Villager (Male) |
| 21:15 | Build | House |
| 21:16 | Build | House |
| 21:31 | Research | Heavy Plow |
| 21:33 | Create | Villager (Male) |
| 21:41 | Build | Farm |
| 21:57 | Create | Villager (Male) |
| 22:01 | Build | Farm |
| 22:05 | Create | Villager (Male) |
| 22:17 | Build | Monastery |
| 22:26 | Create | Villager (Male) |
| 22:34 | Build | Farm |
| 22:36 | Create | Villager (Male) |
| 22:40 | Build | Farm |
| 22:44 | Build | House |
| 22:53 | Create | Villager (Male) |
| 22:56 | Build | Farm |
| 23:07 | Build | Farm |
| 23:11 | Create | Villager (Male) |
| 23:25 | Create | Monk |
| 23:30 | Build | Farm |
| 23:32 | Create | Villager (Male) |
| 23:38 | Create | Villager (Male) |
| 24:05 | Create | Villager (Male) ×2 |
| 24:17 | Build | Siege Workshop |
| 24:27 | Build | Castle |
| 24:30 | Create | Villager (Male) ×2 |
| 24:45 | Build | Town Center |
| 24:53 | Create | Villager (Male) ×2 |
| 24:56 | Create | Mangonel |
| 25:02 | Create | Villager (Male) |
| 25:22 | Create | Villager (Male) |
| 25:31 | Create | Villager (Male) |
| 25:42 | Build | Farm |
| 25:42 | Build | Farm |
| 25:43 | Build | Farm |
| 25:43 | Build | Farm |
| 25:43 | Build | Farm |
| 25:46 | Create | Villager (Male) |
| 26:01 | Create | Villager (Male) |
| 26:37 | Create | Villager (Male) ×3 |
| 26:40 | Build | Farm |
| 26:43 | Create | Villager (Male) |
| 27:14 | Build | Mining Camp |
| 27:16 | Create | Villager (Male) ×3 |
| 27:33 | Build | Town Center |
| 27:40 | Create | Villager (Male) ×3 |
| 28:07 | Build | Stone Wall |
| 28:27 | Build | Stone Wall |
| 28:55 | Build | Town Center |
| 28:59 | Create | Villager (Male) ×5 |
| 29:09 | Build | Town Center |
| 29:12 | Research | Wheelbarrow |
| 29:13 | Create | Villager (Male) ×2 |
| 29:17 | Create | Mangonel |
| 29:38 | Build | Gate |
| 29:43 | Build | Stone Wall |
| 29:45 | Build | Stone Wall |
| 29:58 | Build | Watch Tower |
| 30:03 | Build | Watch Tower |
| 30:05 | Build | Watch Tower |
| 30:11 | Build | Watch Tower |
Build order — ryan
First 150 of 615 actions detected
| 0:03 | Create | Villager (Male) |
| 0:03 | Create | Villager (Male) |
| 0:04 | Create | Villager (Male) |
| 0:04 | Create | Villager (Male) |
| 0:06 | Build | House |
| 0:08 | Build | House |
| 0:30 | Research | Loom |
| 1:07 | Build | Palisade Gate |
| 1:12 | Build | Palisade Gate |
| 1:18 | Build | Palisade Gate |
| 1:22 | Create | Villager (Male) |
| 2:07 | Create | Villager (Male) |
| 2:56 | Create | Villager (Male) |
| 2:57 | Create | Villager (Male) |
| 3:21 | Build | House |
| 4:03 | Build | Palisade Wall |
| 4:11 | Create | Villager (Male) |
| 4:11 | Create | Villager (Male) |
| 4:24 | Create | Villager (Male) |
| 4:24 | Create | Villager (Male) |
| 5:13 | Create | Villager (Male) |
| 5:28 | Create | Villager (Male) |
| 6:18 | Create | Villager (Male) |
| 6:18 | Create | Villager (Male) |
| 6:18 | Create | Villager (Male) |
| 7:30 | Create | Villager (Male) |
| 7:31 | Create | Villager (Male) |
| 7:36 | Create | Villager (Male) |
| 7:37 | Create | Villager (Male) |
| 7:37 | Create | Villager (Male) |
| 8:19 | Create | Villager (Male) |
| 8:19 | Create | Villager (Male) |
| 8:37 | Build | House |
| 8:47 | Create | Villager (Male) |
| 9:44 | Create | Villager (Male) |
| 9:44 | Create | Villager (Male) |
| 9:44 | Create | Villager (Male) |
| 10:11 | Create | Villager (Male) |
| 10:39 | Create | Villager (Male) |
| 10:46 | Build | Mill |
| 11:02 | Build | House |
| 11:29 | Build | House |
| 11:47 | Build | Mule Cart |
| 11:49 | Create | Villager (Male) |
| 11:49 | Create | Villager (Male) |
| 12:16 | Build | Palisade Gate |
| 12:18 | Build | Palisade Wall |
| 12:18 | Build | Palisade Wall |
| 12:24 | Build | Palisade Wall |
| 12:28 | Create | Villager (Male) |
| 12:28 | Create | Villager (Male) |
| 13:07 | Build | Mill |
| 13:27 | Research | Feudal Age |
| 13:30 | Create | Villager (Male) |
| 13:30 | Create | Villager (Male) |
| 13:39 | Build | Mule Cart |
| 14:29 | Build | Palisade Gate |
| 14:33 | Build | Palisade Wall |
| 15:22 | Build | House |
| 15:31 | Build | House |
| 15:39 | Age | Feudal Age |
| 16:00 | Build | Market |
| 16:28 | Build | Blacksmith |
| 16:46 | Create | Villager (Male) |
| 16:55 | Research | Horse Collar |
| 17:13 | Research | Castle Age |
| 17:30 | Build | Farm |
| 17:30 | Build | Farm |
| 17:30 | Build | Farm |
| 17:30 | Build | Farm |
| 17:30 | Build | Farm |
| 17:31 | Build | Farm |
| 18:01 | Build | Mule Cart |
| 18:04 | Create | Villager (Male) |
| 18:04 | Create | Villager (Male) |
| 18:45 | Research | Double-Bit Axe |
| 19:06 | Build | Farm |
| 19:06 | Build | Farm |
| 19:06 | Build | Farm |
| 19:06 | Build | Farm |
| 19:53 | Age | Castle Age |
| 19:57 | Research | Bow Saw |
| 20:06 | Build | Town Center |
| 20:28 | Build | House |
| 20:29 | Build | House |
| 20:29 | Build | House |
| 20:30 | Build | House |
| 20:30 | Build | House |
| 20:38 | Create | Villager (Male) |
| 21:09 | Build | Town Center |
| 21:13 | Create | Villager (Male) |
| 21:13 | Create | Villager (Male) |
| 21:15 | Create | Villager (Male) |
| 21:27 | Create | Villager (Male) |
| 21:50 | Build | Town Center |
| 22:01 | Create | Villager (Male) |
| 22:01 | Create | Villager (Male) |
| 22:11 | Build | Farm |
| 22:22 | Create | Villager (Male) |
| 22:27 | Build | Farm |
| 22:27 | Build | Farm |
| 22:27 | Build | Farm |
| 22:41 | Build | Farm |
| 22:46 | Build | Farm |
| 22:58 | Create | Villager (Male) |
| 23:11 | Build | Monastery |
| 23:17 | Build | Farm |
| 23:28 | Create | Villager (Male) |
| 23:29 | Create | Villager (Male) |
| 23:29 | Create | Villager (Male) |
| 23:38 | Build | Farm |
| 23:41 | Create | Monk |
| 23:56 | Create | Villager (Male) |
| 24:14 | Build | Castle |
| 24:17 | Create | Villager (Male) |
| 24:22 | Build | Farm |
| 24:24 | Build | Farm |
| 24:24 | Build | Farm |
| 24:25 | Build | Farm |
| 24:28 | Create | Villager (Male) |
| 24:28 | Create | Villager (Male) |
| 24:39 | Build | Farm |
| 24:39 | Build | Farm |
| 24:39 | Build | Farm |
| 24:39 | Build | Farm |
| 24:39 | Build | Farm |
| 24:40 | Build | Farm |
| 24:40 | Build | Farm |
| 24:43 | Create | Villager (Male) |
| 24:57 | Build | Farm |
| 24:59 | Create | Villager (Male) |
| 24:59 | Create | Villager (Male) |
| 25:04 | Build | Farm |
| 25:26 | Create | Villager (Male) |
| 25:27 | Create | Villager (Male) |
| 25:27 | Create | Villager (Male) |
| 25:27 | Create | Villager (Male) |
| 25:42 | Create | Villager (Male) |
| 25:42 | Create | Villager (Male) |
| 25:47 | Build | Mule Cart |
| 25:55 | Build | Monastery |
| 25:56 | Build | Monastery |
| 25:59 | Create | Villager (Male) |
| 25:59 | Create | Villager (Male) |
| 25:59 | Create | Villager (Male) |
| 26:15 | Create | Monaspa |
| 26:15 | Create | Monaspa |
| 26:22 | Build | Farm |
| 26:22 | Build | Farm |
| 26:24 | Create | Villager (Male) |
Build order — OGnova
First 150 of 325 actions detected
| 0:00 | Create | Villager (Male) |
| 0:01 | Create | Villager (Male) |
| 0:01 | Create | Villager (Male) |
| 0:01 | Create | Villager (Male) |
| 1:47 | Create | Villager (Male) |
| 2:17 | Create | Villager (Male) |
| 2:46 | Create | Villager (Male) |
| 3:58 | Create | Villager (Male) |
| 4:23 | Create | Villager (Male) |
| 4:42 | Create | Villager (Male) |
| 5:17 | Create | Villager (Male) |
| 5:43 | Create | Villager (Male) |
| 6:22 | Create | Villager (Male) |
| 6:46 | Create | Villager (Male) |
| 7:08 | Create | Villager (Male) |
| 7:40 | Create | Villager (Male) |
| 7:44 | Build | Lumber Camp |
| 8:08 | Create | Villager (Male) |
| 8:33 | Create | Villager (Male) |
| 9:01 | Create | Villager (Male) |
| 9:18 | Build | Mill |
| 9:28 | Create | Villager (Male) |
| 9:52 | Build | Mill |
| 10:00 | Research | Feudal Age |
| 12:10 | Age | Feudal Age |
| 12:14 | Create | Villager (Male) |
| 12:15 | Create | Villager (Male) |
| 12:18 | Research | Double-Bit Axe |
| 12:27 | Build | Blacksmith |
| 12:28 | Build | Market |
| 12:41 | Build | Mining Camp |
| 12:55 | Create | Villager (Male) |
| 13:32 | Create | Villager (Male) |
| 13:52 | Research | Horse Collar |
| 14:11 | Create | Villager (Male) |
| 14:13 | Create | Villager (Male) |
| 14:36 | Research | Gold Mining |
| 14:42 | Create | Villager (Male) |
| 15:15 | Create | Villager (Male) |
| 15:49 | Create | Villager (Male) |
| 15:58 | Create | Villager (Male) |
| 16:23 | Build | Mining Camp |
| 16:47 | Create | Villager (Male) |
| 17:14 | Create | Villager (Male) |
| 17:43 | Create | Villager (Male) |
| 18:04 | Build | Barracks |
| 18:12 | Create | Villager (Male) |
| 18:40 | Create | Villager (Male) |
| 18:45 | Create | Villager (Male) |
| 19:23 | Research | Castle Age |
| 19:55 | Build | Archery Range |
| 19:58 | Build | Stable |
| 20:17 | Research | Stone Mining |
| 21:55 | Create | Villager (Male) |
| 22:10 | Age | Castle Age |
| 22:12 | Build | Town Center |
| 22:15 | Build | Town Center |
| 22:22 | Create | Villager (Male) |
| 22:41 | Research | Bow Saw |
| 22:43 | Research | Heavy Plow |
| 22:54 | Create | Villager (Male) |
| 22:58 | Create | Villager (Male) |
| 23:04 | Create | Villager (Male) |
| 23:04 | Create | Villager (Male) |
| 23:10 | Create | Villager (Male) |
| 23:24 | Create | Villager (Male) |
| 23:35 | Build | Farm |
| 23:35 | Build | Farm |
| 23:36 | Build | Farm |
| 23:44 | Build | Monastery |
| 23:50 | Create | Villager (Male) |
| 23:51 | Create | Villager (Male) |
| 23:51 | Create | Villager (Male) |
| 23:53 | Build | Farm |
| 24:02 | Build | Farm |
| 24:03 | Build | Farm |
| 24:12 | Build | Farm |
| 24:15 | Build | Farm |
| 24:26 | Create | Villager (Male) |
| 24:30 | Build | Farm |
| 24:44 | Build | Castle |
| 24:48 | Build | Farm |
| 24:49 | Build | Farm |
| 24:51 | Create | Monk |
| 24:56 | Build | Farm |
| 25:19 | Build | Lumber Camp |
| 25:45 | Create | Villager (Male) |
| 25:46 | Create | Villager (Male) |
| 25:46 | Create | Villager (Male) |
| 26:00 | Build | Farm |
| 26:12 | Create | Villager (Male) |
| 26:13 | Create | Villager (Male) |
| 26:19 | Build | Farm |
| 26:24 | Build | Farm |
| 26:24 | Build | Farm |
| 26:25 | Build | Farm |
| 26:31 | Build | Farm |
| 26:32 | Build | Farm |
| 26:32 | Build | Farm |
| 26:37 | Create | Villager (Male) |
| 26:39 | Build | Farm |
| 26:42 | Build | Farm |
| 26:45 | Create | Villager (Male) |
| 26:45 | Create | Villager (Male) |
| 26:52 | Build | Farm |
| 26:53 | Build | Farm |
| 26:54 | Build | Farm |
| 26:59 | Build | Farm |
| 27:12 | Create | Villager (Male) |
| 27:12 | Create | Villager (Male) |
| 27:33 | Create | Villager (Male) |
| 27:34 | Create | Villager (Male) |
| 27:36 | Create | Villager (Male) |
| 27:36 | Create | Villager (Male) |
| 27:39 | Build | Farm |
| 28:05 | Build | Farm |
| 28:33 | Create | Villager (Male) ×5 |
| 28:52 | Research | Imperial Age |
| 28:52 | Research | Imperial Age |
| 29:01 | Create | Villager (Male) ×4 |
| 29:10 | Build | Mining Camp |
| 29:20 | Create | Villager (Male) |
| 29:54 | Research | Pikeman (upgrade) |
| 29:54 | Research | Squires |
| 29:54 | Research | Arson |
| 30:07 | Build | Barracks |
| 30:09 | Build | Barracks |
| 30:11 | Build | Barracks |
| 30:13 | Build | Barracks |
| 30:26 | Research | Wheelbarrow |
| 31:21 | Create | Villager (Male) ×5 |
| 31:29 | Create | Scout Cavalry |
| 31:30 | Create | Scout Cavalry |
| 31:30 | Create | Scout Cavalry |
| 31:30 | Create | Scout Cavalry |
| 31:31 | Create | Scout Cavalry |
| 31:31 | Create | Scout Cavalry |
| 31:54 | Build | Farm |
| 31:55 | Build | Farm |
| 31:56 | Build | Farm |
| 31:57 | Build | Farm |
| 31:58 | Build | Farm |
| 32:02 | Age | Imperial Age |
| 32:03 | Build | Farm |
| 32:04 | Build | Farm |
| 32:05 | Build | Farm |
| 32:06 | Build | Farm |
| 32:06 | Build | Farm |
| 32:10 | Create | Villager (Male) ×5 |
| 32:36 | Create | Trebuchet (Packed) |
Build order — VictorWatch
First 150 of 289 actions detected
| 0:03 | Build | House |
| 0:04 | Build | House |
| 0:05 | Create | Villager (Male) |
| 0:05 | Create | Villager (Male) |
| 0:05 | Create | Villager (Male) |
| 0:06 | Create | Villager (Male) |
| 0:22 | Research | Loom |
| 0:31 | Build | House |
| 1:06 | Build | Lumber Camp |
| 1:45 | Create | Villager (Male) |
| 1:46 | Research | Loom |
| 2:29 | Create | Villager (Male) |
| 2:46 | Create | Villager (Male) |
| 3:22 | Create | Villager (Male) |
| 3:33 | Create | Villager (Male) |
| 4:24 | Create | Villager (Male) |
| 4:24 | Create | Villager (Male) |
| 4:24 | Create | Villager (Male) |
| 5:08 | Create | Villager (Male) |
| 6:01 | Create | Villager (Male) |
| 6:23 | Create | Villager (Male) |
| 6:23 | Create | Villager (Male) |
| 6:26 | Create | Villager (Male) ×2 |
| 6:39 | Build | Mill |
| 7:05 | Create | Villager (Male) ×3 |
| 7:24 | Build | Mill |
| 7:49 | Research | Feudal Age |
| 8:17 | Create | Villager (Male) |
| 9:19 | Build | House |
| 9:23 | Build | House |
| 9:24 | Build | House |
| 9:58 | Build | Mining Camp |
| 9:59 | Age | Feudal Age |
| 10:13 | Create | Villager (Male) ×5 |
| 10:14 | Create | Villager (Male) ×5 |
| 10:14 | Create | Villager (Male) ×5 |
| 10:21 | Research | Double-Bit Axe |
| 12:14 | Build | Market |
| 12:39 | Build | Blacksmith |
| 12:40 | Build | Blacksmith |
| 13:38 | Build | Mining Camp |
| 14:47 | Research | Castle Age |
| 14:50 | Research | Horse Collar |
| 14:53 | Research | Wheelbarrow |
| 15:07 | Build | Gate |
| 15:08 | Build | Gate |
| 15:12 | Build | Gate |
| 15:15 | Build | Gate |
| 15:19 | Build | Stone Wall |
| 15:20 | Build | Stone Wall |
| 15:27 | Build | Barracks |
| 16:06 | Build | House |
| 16:07 | Build | House |
| 16:12 | Build | House |
| 16:13 | Build | House |
| 16:15 | Build | House |
| 16:16 | Build | House |
| 16:17 | Build | House |
| 16:18 | Build | House |
| 16:23 | Build | House |
| 16:24 | Build | House |
| 16:25 | Build | House |
| 16:28 | Build | House |
| 16:29 | Build | House |
| 16:31 | Build | House |
| 16:32 | Build | House |
| 16:34 | Build | House |
| 16:44 | Create | Villager (Male) ×5 |
| 17:27 | Age | Castle Age |
| 17:35 | Research | Heavy Plow |
| 17:39 | Research | Bow Saw |
| 18:10 | Build | Town Center |
| 18:57 | Build | Town Center |
| 19:56 | Build | Town Center |
| 20:46 | Build | Town Center |
| 21:03 | Build | Monastery |
| 21:06 | Build | University |
| 21:18 | Create | Villager (Male) ×3 |
| 21:27 | Build | Farm |
| 21:27 | Build | Farm |
| 21:27 | Build | Farm |
| 21:27 | Build | Farm |
| 21:28 | Build | Farm |
| 21:39 | Build | Farm |
| 21:49 | Build | Farm |
| 21:53 | Build | Farm |
| 22:38 | Build | Siege Workshop |
| 22:41 | Create | Villager (Male) |
| 22:50 | Build | Farm |
| 22:50 | Build | Farm |
| 23:10 | Build | Farm |
| 23:15 | Build | Farm |
| 23:22 | Build | Farm |
| 23:22 | Build | Farm |
| 23:24 | Build | Farm |
| 23:26 | Create | Villager (Male) |
| 23:31 | Build | Farm |
| 23:34 | Build | Farm |
| 23:34 | Build | Farm |
| 23:34 | Build | Farm |
| 23:35 | Build | Farm |
| 23:35 | Build | Farm |
| 23:50 | Create | Villager (Male) |
| 23:50 | Create | Villager (Male) |
| 24:14 | Build | Castle |
| 24:28 | Create | Monk |
| 24:29 | Create | Monk |
| 24:40 | Create | Villager (Male) ×5 |
| 24:55 | Create | Villager (Male) |
| 25:03 | Build | Farm |
| 25:04 | Build | Farm |
| 25:07 | Build | Farm |
| 25:16 | Create | Villager (Male) ×2 |
| 25:36 | Research | Fervor |
| 26:08 | Research | Fortified Wall (upgrade) |
| 26:09 | Research | Treadmill Crane |
| 26:09 | Research | Masonry |
| 26:12 | Create | Villager (Male) |
| 26:18 | Create | Villager (Male) |
| 26:29 | Build | Farm |
| 26:32 | Build | Farm |
| 26:34 | Create | Villager (Male) ×2 |
| 26:37 | Build | Farm |
| 26:39 | Create | Villager (Male) |
| 26:39 | Create | Villager (Male) |
| 26:48 | Build | Farm |
| 26:48 | Build | Farm |
| 26:48 | Build | Farm |
| 26:49 | Build | Farm |
| 26:49 | Build | Farm |
| 26:49 | Build | Farm |
| 26:50 | Build | Farm |
| 26:51 | Build | Farm |
| 26:51 | Build | Farm |
| 26:51 | Build | Farm |
| 26:52 | Build | Farm |
| 26:52 | Build | Farm |
| 26:52 | Build | Farm |
| 26:59 | Create | Villager (Male) ×3 |
| 26:59 | Create | Villager (Male) |
| 27:09 | Create | Villager (Male) ×2 |
| 27:47 | Create | Villager (Male) ×5 |
| 27:48 | Create | Villager (Male) ×2 |
| 28:01 | Build | Siege Workshop |
| 28:05 | Build | Siege Workshop |
| 28:16 | Build | Barracks |
| 28:18 | Build | Barracks |
| 28:28 | Build | Barracks |
| 28:33 | Create | Villager (Male) ×5 |
| 28:33 | Create | Villager (Male) ×5 |
Build order — Shals
First 150 of 440 actions detected
| 0:03 | Create | Villager (Male) |
| 0:04 | Create | Villager (Male) |
| 0:04 | Create | Villager (Male) |
| 0:04 | Create | Villager (Male) |
| 0:05 | Create | Villager (Male) |
| 0:08 | Build | House |
| 0:10 | Build | House |
| 1:10 | Research | Loom |
| 1:12 | Create | Villager (Male) |
| 1:12 | Create | Villager (Male) |
| 1:27 | Build | Palisade Wall |
| 2:15 | Build | Palisade Gate |
| 2:53 | Create | Villager (Male) |
| 3:18 | Create | Villager (Male) |
| 3:39 | Build | House |
| 4:00 | Create | Villager (Male) |
| 4:03 | Create | Villager (Male) |
| 4:17 | Build | House |
| 4:40 | Create | Villager (Male) |
| 4:54 | Build | Palisade Gate |
| 4:59 | Build | Palisade Wall |
| 5:01 | Build | Palisade Wall |
| 5:06 | Create | Villager (Male) |
| 5:07 | Create | Villager (Male) |
| 5:28 | Create | Villager (Male) |
| 6:13 | Create | Villager (Male) |
| 6:15 | Create | Villager (Male) |
| 7:11 | Create | Villager (Male) |
| 7:12 | Create | Villager (Male) |
| 7:40 | Build | Lumber Camp |
| 8:30 | Build | Mill |
| 8:44 | Create | Villager (Male) |
| 8:44 | Create | Villager (Male) |
| 9:31 | Build | Mining Camp |
| 9:55 | Research | Feudal Age |
| 10:14 | Build | Mining Camp |
| 10:37 | Build | House |
| 11:10 | Create | Villager (Male) |
| 11:23 | Build | Barracks |
| 11:57 | Create | Villager (Male) |
| 12:05 | Age | Feudal Age |
| 12:34 | Create | Villager (Male) |
| 12:39 | Build | Farm |
| 12:41 | Build | Farm |
| 12:50 | Build | Farm |
| 12:58 | Build | Farm |
| 13:02 | Build | Farm |
| 13:12 | Build | Farm |
| 13:25 | Build | Farm |
| 13:31 | Research | Double-Bit Axe |
| 13:43 | Create | Villager (Male) |
| 14:00 | Create | Villager (Male) |
| 14:13 | Build | Farm |
| 14:23 | Build | Market |
| 14:29 | Create | Villager (Male) |
| 14:40 | Create | Villager (Male) |
| 15:04 | Build | Farm |
| 15:12 | Create | Villager (Male) |
| 15:12 | Create | Villager (Male) |
| 15:26 | Build | House |
| 15:27 | Build | House |
| 15:34 | Build | House |
| 15:38 | Build | House |
| 15:41 | Create | Villager (Male) |
| 15:48 | Build | House |
| 15:53 | Build | House |
| 16:00 | Create | Villager (Male) |
| 16:23 | Build | Gate |
| 16:26 | Build | Stone Wall |
| 16:26 | Build | Stone Wall |
| 16:27 | Build | Stone Wall |
| 16:30 | Build | Stone Wall |
| 16:31 | Build | Stone Wall |
| 16:35 | Create | Villager (Male) |
| 16:35 | Create | Villager (Male) |
| 16:40 | Create | Villager (Male) |
| 16:43 | Build | Farm |
| 16:51 | Research | Horse Collar |
| 17:16 | Create | Villager (Male) |
| 17:25 | Create | Villager (Male) |
| 17:34 | Create | Villager (Male) |
| 17:56 | Build | Farm |
| 17:57 | Build | Farm |
| 17:57 | Build | Farm |
| 17:57 | Build | Farm |
| 17:59 | Build | Farm |
| 18:10 | Build | Farm |
| 18:23 | Build | Farm |
| 18:24 | Create | Villager (Male) |
| 18:46 | Build | Farm |
| 18:48 | Create | Villager (Male) |
| 18:57 | Build | Stone Wall |
| 19:01 | Create | Villager (Male) |
| 19:16 | Build | Farm |
| 19:26 | Build | Blacksmith |
| 19:38 | Build | Watch Tower |
| 20:00 | Research | Castle Age |
| 20:04 | Create | Spearman |
| 20:04 | Create | Spearman |
| 20:06 | Create | Spearman |
| 20:34 | Build | Barracks |
| 20:59 | Build | Watch Tower |
| 21:03 | Create | Spearman |
| 21:12 | Create | Villager (Male) |
| 21:13 | Create | Villager (Male) |
| 21:31 | Research | Forging |
| 21:34 | Research | Scale Mail Armor |
| 21:37 | Create | Spearman |
| 21:38 | Create | Spearman |
| 21:39 | Create | Spearman |
| 21:39 | Create | Spearman |
| 22:24 | Build | Outpost |
| 22:29 | Research | Arson |
| 22:40 | Age | Castle Age |
| 22:45 | Build | Town Center |
| 23:11 | Build | Siege Workshop |
| 23:13 | Research | Squires |
| 23:18 | Create | Villager (Male) |
| 23:19 | Create | Villager (Male) |
| 23:22 | Research | Gold Mining |
| 24:08 | Build | Castle |
| 24:18 | Create | Villager (Male) |
| 24:19 | Create | Villager (Male) |
| 24:20 | Create | Villager (Male) |
| 24:20 | Create | Villager (Male) |
| 24:30 | Create | Villager (Male) |
| 24:30 | Create | Villager (Male) |
| 24:31 | Create | Villager (Male) |
| 24:51 | Create | Unit 1105 |
| 24:53 | Create | Spearman |
| 24:54 | Create | Spearman |
| 25:07 | Create | Villager (Male) |
| 25:09 | Create | Villager (Male) |
| 25:11 | Create | Villager (Male) |
| 25:12 | Create | Villager (Male) |
| 25:58 | Create | Mangonel |
| 26:06 | Create | Villager (Male) |
| 26:06 | Create | Villager (Male) |
| 26:33 | Create | Villager (Male) |
| 26:34 | Create | Villager (Male) |
| 26:35 | Create | Villager (Male) |
| 26:36 | Create | Villager (Male) |
| 26:36 | Create | Villager (Male) |
| 26:46 | Create | Petard |
| 26:46 | Create | Petard |
| 26:57 | Research | Gambesons |
| 28:21 | Create | Teutonic Knight |
| 28:21 | Create | Teutonic Knight |
| 29:14 | Create | Petard |
| 29:15 | Create | Petard |
Build order — Wolven
First 150 of 385 actions detected
| 0:02 | Build | House |
| 0:03 | Build | House |
| 0:06 | Research | Loom |
| 0:06 | Create | Villager (Male) |
| 0:06 | Create | Villager (Male) |
| 0:07 | Create | Villager (Male) |
| 0:07 | Create | Villager (Male) |
| 1:40 | Create | Villager (Male) |
| 1:40 | Create | Villager (Male) |
| 2:45 | Create | Villager (Male) |
| 3:28 | Create | Villager (Male) |
| 3:29 | Create | Villager (Male) |
| 4:17 | Create | Villager (Male) |
| 4:59 | Build | House |
| 5:04 | Create | Villager (Male) |
| 5:04 | Create | Villager (Male) |
| 5:04 | Create | Villager (Male) |
| 5:04 | Create | Villager (Male) |
| 5:48 | Build | Palisade Wall |
| 5:51 | Build | Palisade Wall |
| 5:57 | Build | Palisade Wall |
| 6:02 | Build | Palisade Wall |
| 6:05 | Build | Palisade Wall |
| 6:07 | Build | Palisade Wall |
| 6:18 | Create | Villager (Male) |
| 6:26 | Build | Mill |
| 6:31 | Build | Lumber Camp |
| 7:05 | Create | Villager (Male) |
| 7:06 | Create | Villager (Male) |
| 7:06 | Create | Villager (Male) |
| 7:12 | Build | House |
| 7:41 | Create | Villager (Male) |
| 7:41 | Create | Villager (Male) |
| 8:43 | Create | Villager (Male) |
| 8:52 | Build | Mining Camp |
| 9:24 | Create | Villager (Male) |
| 9:46 | Build | Mill |
| 10:07 | Create | Villager (Male) |
| 10:07 | Create | Villager (Male) |
| 10:39 | Build | Mill |
| 11:01 | Create | Villager (Male) |
| 11:01 | Create | Villager (Male) |
| 11:01 | Create | Villager (Male) |
| 11:25 | Build | House |
| 11:47 | Research | Feudal Age |
| 13:44 | Build | Farm |
| 13:44 | Build | Farm |
| 13:44 | Build | Farm |
| 13:45 | Build | Farm |
| 13:57 | Age | Feudal Age |
| 13:58 | Create | Villager (Male) |
| 14:00 | Create | Villager (Male) |
| 14:27 | Create | Villager (Male) |
| 14:38 | Build | Mill |
| 14:51 | Build | Mining Camp |
| 15:03 | Build | Blacksmith |
| 15:18 | Create | Villager (Male) |
| 15:19 | Create | Villager (Male) |
| 15:19 | Create | Villager (Male) |
| 15:32 | Build | Market |
| 16:20 | Build | House |
| 16:22 | Build | House |
| 16:37 | Create | Villager (Male) |
| 16:38 | Create | Villager (Male) |
| 17:19 | Research | Castle Age |
| 18:03 | Build | Gate |
| 18:05 | Build | Stone Wall |
| 18:08 | Build | Stone Wall |
| 18:10 | Build | Stone Wall |
| 18:43 | Research | Horse Collar |
| 18:44 | Research | Double-Bit Axe |
| 19:59 | Age | Castle Age |
| 20:02 | Build | Town Center |
| 20:18 | Build | Farm |
| 20:18 | Build | Farm |
| 20:35 | Create | Villager (Male) |
| 20:36 | Create | Villager (Male) |
| 20:36 | Create | Villager (Male) |
| 20:37 | Create | Villager (Male) |
| 20:44 | Create | Villager (Male) |
| 20:50 | Build | Town Center |
| 21:23 | Build | Farm |
| 21:23 | Build | Farm |
| 21:24 | Build | Farm |
| 21:24 | Build | Farm |
| 21:33 | Build | Farm |
| 22:11 | Create | Villager (Male) |
| 22:20 | Create | Villager (Male) |
| 22:21 | Create | Villager (Male) |
| 22:22 | Create | Villager (Male) |
| 22:22 | Create | Villager (Male) |
| 22:22 | Create | Villager (Male) |
| 22:23 | Create | Villager (Male) |
| 22:24 | Create | Villager (Male) |
| 22:24 | Create | Villager (Male) |
| 22:32 | Create | Villager (Male) |
| 22:33 | Create | Villager (Male) |
| 22:44 | Build | Gate |
| 22:46 | Build | Stone Wall |
| 22:48 | Build | Stone Wall |
| 23:10 | Create | Villager (Male) |
| 23:10 | Create | Villager (Male) |
| 23:10 | Create | Villager (Male) |
| 23:11 | Create | Villager (Male) |
| 23:17 | Build | Farm |
| 23:18 | Build | Farm |
| 23:18 | Build | Farm |
| 23:18 | Build | Farm |
| 23:18 | Build | Farm |
| 23:19 | Build | Farm |
| 23:20 | Build | Farm |
| 23:40 | Research | Bow Saw |
| 24:06 | Build | Monastery |
| 24:17 | Build | Farm |
| 24:38 | Build | House |
| 24:39 | Build | House |
| 24:40 | Build | House |
| 24:41 | Build | House |
| 24:43 | Build | House |
| 24:44 | Build | House |
| 24:52 | Build | Farm |
| 24:54 | Build | Farm |
| 24:57 | Create | Monk |
| 25:07 | Build | House |
| 25:07 | Build | House |
| 25:13 | Create | Villager (Male) |
| 25:14 | Create | Villager (Male) |
| 25:17 | Research | Wheelbarrow |
| 25:20 | Research | Town Watch |
| 25:39 | Create | Villager (Male) |
| 25:40 | Create | Villager (Male) |
| 25:40 | Create | Villager (Male) |
| 25:42 | Create | Villager (Male) |
| 25:44 | Create | Villager (Male) |
| 25:48 | Create | Villager (Male) |
| 25:49 | Create | Villager (Male) |
| 25:49 | Create | Villager (Male) |
| 25:50 | Create | Villager (Male) |
| 26:16 | Build | Farm |
| 26:23 | Build | University |
| 26:41 | Build | Castle |
| 26:55 | Create | Villager (Male) |
| 26:55 | Create | Villager (Male) |
| 26:56 | Create | Villager (Male) |
| 27:43 | Research | Chemistry |
| 27:53 | Research | Heavy Plow |
| 28:04 | Create | Villager (Male) |
| 28:05 | Create | Villager (Male) |
| 28:07 | Create | Villager (Male) |
| 28:08 | Create | Villager (Male) |
Match timeline
| 0:44 | Sakuneti Le-Preckson · wall_segment Palisade Wall x15 |
| 1:08 | Sakuneti Le-Preckson · wall_segment Palisade Wall x14 |
| 1:27 | Shals · wall_segment Palisade Wall x13 |
| 1:33 | Sakuneti Le-Preckson · wall_segment Palisade Wall x14 |
| 1:49 | nord 00 · wall_segment Palisade Wall x1 |
| 2:09 | nord 00 · wall_segment Palisade Wall x1 |
| 2:12 | nord 00 · wall_segment Palisade Wall x1 |
| 2:13 | nord 00 · wall_segment Palisade Wall x1 |
| 2:21 | nord 00 · wall_segment Palisade Wall x1 |
| 2:33 | Sakuneti Le-Preckson · wall_segment Palisade Wall x1 |
| 2:34 | Sakuneti Le-Preckson · wall_segment Palisade Wall x1 |
| 2:35 | Sakuneti Le-Preckson · wall_segment Palisade Wall x1 |
| 2:36 | Sakuneti Le-Preckson · wall_segment Palisade Wall x1 |
| 4:03 | ryan · wall_segment Palisade Wall x2 |
| 4:59 | Shals · wall_segment Palisade Wall x2 |
| 5:01 | Shals · wall_segment Palisade Wall x1 |
| 5:48 | Wolven · wall_segment Palisade Wall x1 |
| 5:51 | Wolven · wall_segment Palisade Wall x1 |
| 5:57 | Wolven · wall_segment Palisade Wall x1 |
| 6:02 | Wolven · wall_segment Palisade Wall x1 |
| 6:05 | Wolven · wall_segment Palisade Wall x1 |
| 6:07 | Wolven · wall_segment Palisade Wall x1 |
| 6:26 | nord 00 · wall_segment Palisade Wall x8 |
| 8:54 | nord 00 · wall_segment Palisade Wall x6 |
| 9:58 | nord 00 · wall_segment Palisade Wall x5 |
| 9:59 | VictorWatch · age_up feudal |
| 11:20 | Sakuneti Le-Preckson · age_up feudal |
| 11:23 | Shals · first_building Barracks |
| 12:03 | Darth_Doge03 · age_up feudal |
| 12:05 | Shals · age_up feudal |
| 12:10 | OGnova · age_up feudal |
| 12:18 | ryan · wall_segment Palisade Wall x1 |
| 12:18 | ryan · wall_segment Palisade Wall x1 |
| 12:24 | ryan · wall_segment Palisade Wall x3 |
| 12:36 | nord 00 · wall_segment Palisade Wall x9 |
| 13:28 | nord 00 · wall_segment Palisade Wall x7 |
| 13:57 | Wolven · age_up feudal |
| 14:09 | nord 00 · age_up feudal |
| 14:22 | Sakuneti Le-Preckson · first_building Barracks |
| 14:33 | ryan · wall_segment Palisade Wall x1 |
| 14:34 | nord 00 · wall_segment Stone Wall x7 |
| 15:19 | VictorWatch · wall_segment Stone Wall x3 |
| 15:20 | VictorWatch · wall_segment Stone Wall x1 |
| 15:24 | Sakuneti Le-Preckson · first_building Archery Range |
| 15:27 | VictorWatch · first_building Barracks |
| 15:39 | ryan · age_up feudal |
| 16:00 | nord 00 · first_building Barracks |
| 16:14 | nord 00 · wall_segment Stone Wall x7 |
| 16:15 | Sakuneti Le-Preckson · wall_segment Stone Wall x8 |
| 16:26 | Shals · wall_segment Stone Wall x1 |
| 16:26 | Shals · wall_segment Stone Wall x1 |
| 16:27 | Shals · wall_segment Stone Wall x1 |
| 16:30 | Shals · wall_segment Stone Wall x1 |
| 16:31 | Shals · wall_segment Stone Wall x1 |
| 17:27 | VictorWatch · age_up castle |
| 18:04 | OGnova · first_building Barracks |
| 18:05 | Wolven · wall_segment Stone Wall x5 |
| 18:08 | Wolven · wall_segment Stone Wall x6 |
| 18:10 | Wolven · wall_segment Stone Wall x5 |
| 18:24 | Sakuneti Le-Preckson · age_up castle |
| 18:30 | Shals · first_market_buy 100 food |
| 18:57 | Shals · wall_segment Stone Wall x1 |
| 19:13 | nord 00 · age_up castle |
| 19:27 | Sakuneti Le-Preckson · first_building Monastery |
| 19:53 | ryan · age_up castle |
| 19:55 | OGnova · first_building Archery Range |
| 19:58 | OGnova · first_building Stable |
| 19:59 | Wolven · age_up castle |
| 21:03 | VictorWatch · first_building Monastery |
| 21:27 | nord 00 · first_market_buy 100 wood |
| 22:10 | OGnova · age_up castle |
| 22:17 | nord 00 · first_building Monastery |
| 22:35 | Darth_Doge03 · age_up castle |
| 22:38 | VictorWatch · first_building Siege Workshop |
| 22:40 | Shals · age_up castle |
| 22:46 | Wolven · wall_segment Stone Wall x11 |
| 22:48 | Wolven · wall_segment Stone Wall x11 |
| 23:11 | ryan · first_building Monastery |
| 23:11 | Shals · first_building Siege Workshop |
| 23:13 | Darth_Doge03 · first_building Monastery |
| 23:27 | ryan · first_market_buy 100 food |
| 23:44 | OGnova · first_building Monastery |
| 23:49 | OGnova · first_market_buy 100 food |
| 24:01 | Wolven · first_market_buy 100 wood |
| 24:06 | Wolven · first_building Monastery |
| 24:08 | Shals · first_building Castle |
| 24:14 | ryan · first_building Castle |
| 24:14 | VictorWatch · first_building Castle |
| 24:17 | nord 00 · first_building Siege Workshop |
| 24:23 | Sakuneti Le-Preckson · wall_segment Stone Wall x5 |
| 24:27 | nord 00 · first_building Castle |
| 24:28 | Sakuneti Le-Preckson · wall_segment Stone Wall x11 |
| 24:44 | OGnova · first_building Castle |
| 26:41 | Wolven · first_building Castle |
| 26:56 | Darth_Doge03 · first_building Castle |
| 27:09 | Darth_Doge03 · first_building Barracks |
| 27:23 | OGnova · first_market_sell 100 stone |
| 28:07 | nord 00 · wall_segment Stone Wall x14 |
| 28:27 | nord 00 · wall_segment Stone Wall x1 |
| 28:58 | ryan · first_building Barracks |
| 29:22 | Wolven · first_building Siege Workshop |
| 29:43 | nord 00 · wall_segment Stone Wall x3 |
| 29:45 | nord 00 · wall_segment Stone Wall x16 |
| 29:52 | Sakuneti Le-Preckson · first_building Castle |
| 30:07 | Sakuneti Le-Preckson · age_up imperial |
| 30:11 | Wolven · first_building Barracks |
| 30:22 | Darth_Doge03 · first_building Stable |
| 30:47 | nord 00 · first_market_sell 100 wood |
| 30:54 | ryan · first_market_sell 100 wood |
| 31:35 | ryan · first_building Siege Workshop |
| 31:36 | Sakuneti Le-Preckson · first_building Siege Workshop |
| 32:02 | OGnova · age_up imperial |
| 32:06 | Wolven · age_up imperial |
| 32:47 | Shals · first_building Monastery |
| 33:24 | Wolven · first_market_sell 100 stone |
| 33:47 | ryan · first_building Stable |
| 33:51 | Darth_Doge03 · first_building Archery Range |
| 33:56 | Shals · age_up imperial |
| 34:26 | VictorWatch · age_up imperial |
| 34:32 | Darth_Doge03 · age_up imperial |
| 34:35 | ryan · age_up imperial |
| 35:12 | VictorWatch · first_market_sell 500 wood |
| 37:07 | Shals · wall_segment Stone Wall x1 |
| 37:32 | OGnova · wall_segment Stone Wall x3 |
| 37:35 | nord 00 · age_up imperial |
| 37:39 | OGnova · wall_segment Stone Wall x13 |
| 37:47 | OGnova · wall_segment Stone Wall x4 |
| 37:51 | OGnova · wall_segment Stone Wall x3 |
| 38:03 | OGnova · wall_segment Stone Wall x2 |
| 38:07 | nord 00 · first_building Stable |
| 38:16 | Sakuneti Le-Preckson · first_building Stable |
| 42:31 | nord 00 · wall_segment Stone Wall x1 |
| 46:14 | OGnova · tribute_sent a jugador 1 |
| 46:14 | OGnova · tribute_sent a jugador 2 |
| 46:14 | OGnova · tribute_sent a jugador 3 |
| 46:14 | OGnova · tribute_sent a jugador 5 |
| 46:14 | OGnova · tribute_sent a jugador 6 |
| 46:14 | OGnova · tribute_sent a jugador 7 |
| 46:14 | OGnova · tribute_sent a jugador 8 |
| 51:41 | Wolven · wall_segment Stone Wall x18 |
| 51:49 | Wolven · wall_segment Stone Wall x22 |
| 52:39 | Darth_Doge03 · first_building Siege Workshop |
| 53:48 | Wolven · wall_segment Stone Wall x20 |
| 54:06 | Wolven · wall_segment Stone Wall x5 |
| 54:07 | Wolven · wall_segment Stone Wall x5 |
| 54:07 | Wolven · wall_segment Stone Wall x6 |
| 54:08 | Wolven · wall_segment Stone Wall x8 |
| 56:10 | Wolven · wall_segment Stone Wall x1 |
| 56:41 | Wolven · wall_segment Stone Wall x13 |
| 56:44 | Shals · wall_segment Stone Wall x5 |
| 56:46 | Wolven · wall_segment Stone Wall x4 |
| 56:48 | Wolven · wall_segment Stone Wall x1 |
| 59:42 | Shals · resign |
[ AI ANALYSIS · 1 CREDIT ]
What really happened in this match?
Wolo.gg analyzes every decision: build order, eco, micro, common mistakes by bracket. Personalized analysis on WhatsApp or Discord in 30 seconds.
Civ guide
Burgundians
Perfil
Jugador #5748684